 Dungeon Crawl Stone Soup version 0.31.0-4-g52a2dc7128 (webtiles) character file.

Game seed: 11948391945779823384

373 groovy9 the Magician (level 7, -4/49 HPs)
             Began as a Djinni Conjurer on Jan 23, 2024.
             Was an Initiate of Makhleb.
             Slain by an ice beast (10 damage)
             ... on level 5 of the Dungeon.
             The game lasted 00:10:29 (3098 turns).

groovy9 the Magician (Djinni Conjurer)              Turns: 3098, Time: 00:10:30

Health: -4/49      AC:  5    Str:  6    XL:     7   Next: 2%
Gold:   208        EV: 12    Int: 21    God:    Makhleb [......] SH:  0 Dex: 12

rFire   + + .        n - +10 quarterstaff of Subjectivity {speed, rPois}
rCold   x . .        (shield currently unavailable)
rNeg    . . .        a - +0 robe
rPois   ∞            j - +2 helmet
rElec   .            (no cloak)
rCorr   .            (no gloves)
SInv    .            (boots unavailable)
Will    .....        (no amulet)
Stlth   ++           (no ring)
HPRegen 0.28/turn    (no ring)
MPRegen 0.00/turn

%: infuse magic (-5 HP)
@: flying
A: sickness immunity, fire resistance 2, cold vulnerability 1, float, innate
caster, HP casting, extra vitality 1
a: Renounce Religion


You were on level 5 of the Dungeon.
You worshipped Makhleb.
Makhleb was noncommittal.
You visited 2 branches of the dungeon, and saw 6 of its levels.

You collected 208 gold pieces.

Inventory:

Hand Weapons
 n - the +10 quarterstaff of Subjectivity (weapon) {speed, rPois}
   (You found it on level 2 of the Dungeon)

   rPois:     It protects you from poison
Missiles
 h - 12 boomerangs
Armour
 a - a +0 robe (worn)
 j - a +2 helmet (worn)
Wands
 p - a wand of charming (6)
Scrolls
 c - a scroll of teleportation
 e - 2 scrolls of identify
 g - a scroll of brand weapon {unknown}
 k - a scroll of revelation
 m - 3 scrolls of blinking
 o - a scroll of vulnerability
Potions
 b - a potion of curing
 d - 2 potions of lignification
 f - a potion of enlightenment {unknown}
 l - a potion of heal wounds {unknown}


   Skills:
 - Level 2.8 Fighting
 + Level 3.2 Staves
 - Level 2.1 Dodging
 - Level 1.5 Stealth
 - Level 5.0 Spellcasting
 - Level 5.0 Conjurations
 - Level 5.0 Hexes
 - Level 5.0 Summonings
 - Level 5.0 Necromancy
 - Level 5.0 Translocations
 - Level 5.0 Fire Magic
 - Level 5.0 Ice Magic
 - Level 5.0 Air Magic
 - Level 5.0 Earth Magic
 - Level 5.0 Alchemy


You knew the following spells:

 Your Spells              Type           Power      Damage    Failure   Level
a - Magic Dart            Conj           100%       1d8       1%          1
b - Searing Ray           Conj           52%        2d6       1%          2
c - Fulminant Prism       Conj/Alch      13%        3d8       14%         4
d - Iskenderun's Mystic   Conj/Tloc      26%        2d7       14%         4
e - Apportation           Tloc           52%        N/A       1%          1
f - Jinxbite              Hex            52%        N/A       1%          2
g - Vampiric Draining     Necr           26%        2d7       4%          3
Your spell library was empty.

Dungeon Overview and Level Annotations

Branches:
Dungeon (5/15)             Temple (1/1) D:4

Altars:
Ashenzari
Elyvilon
Gozag
Hepliaklqana
Makhleb
Okawaru
Qazlal
Trog
Uskayaw
Wu Jian
Xom
Yredelemnul
Zin
The Shining One

Shops:
D:4 *


Innate Abilities, Weirdness & Mutations

You are immune to sickness and miasma.
You are immune to poison.
Your flesh is very heat resistant. (rF++)
You are vulnerable to cold. (rC-)
You float through the air rather than walking.
You learn spells naturally, not from books.
Your magical power is your life essence.
You have superior vitality. (+4 MHP)


Message History

You hit the ice beast.
The ice beast is moderately wounded.
The ice beast hits you. The ice beast freezes you!!
You feel a terrible chill! The ufetubus slips past you!
The ufetubus hits you but does no damage.
The ufetubus closely misses you.
You are too injured to fight recklessly!
You are too injured to fight recklessly!
You are too injured to fight recklessly!
You are too injured to fight recklessly!
You hit the ice beast.
The ice beast is moderately wounded.
The ufetubus hits you but does no damage. x2
The ice beast hits you but does no damage.
You sock the ice beast!
The ice beast is severely wounded.
The ufetubus hits you. The ufetubus misses you.
The ufetubus hits you but does no damage. x2
The ice beast hits you. The ice beast freezes you!
You feel a terrible chill!
* * * LOW HITPOINT WARNING * * *
You hit the ice beast.
The ice beast is almost dead.
The ufetubus slips past you! The ufetubus hits you.
* * * LOW HITPOINT WARNING * * *
The ufetubus misses you. The ufetubus barely misses you.
The ufetubus closely misses you.
You feel better. The ufetubus barely misses you. The ufetubus hits you.
* * * LOW HITPOINT WARNING * * *
The ufetubus hits you but does no damage. x2
The ice beast barely misses you. The ufetubus hits you.
* * * LOW HITPOINT WARNING * * *
The ufetubus hits you.
* * * LOW HITPOINT WARNING * * *
The ufetubus completely misses you. The ufetubus misses you.
You hit the ice beast.
The ice beast is almost dead.
The ice beast hits you.
* * * LOW HITPOINT WARNING * * *
The ice beast freezes you!
You feel a terrible chill!
You die...

## #.
##.#
##...##
##8...8##
#......5#
#.<.8Y@.#
#.....5.#
##8.<.8##
##...##
####


You could see an ice beast and 2 ufetubi.

Vanquished Creatures
  Menkaure (D:4)
  2 hounds
  An iguana (D:4)
  Terence (D:2)
  4 adders
  A dart slug (D:1)
  A ribbon worm (D:2)
  5 orcs
  9 endoplasms
  4 giant cockroaches
  14 goblins
  11 hobgoblins
  7 jackals
  2 quokkas
  8 ball pythons
  4 bats
  2 frilled lizards
  4 kobolds
  7 rats
88 creatures vanquished.

Vanquished Creatures (others)
  A human (D:4)
1 creature vanquished.

Grand Total: 89 creatures vanquished

Notes
Turn   | Place    | Note
-------+----------+-------------------------------------------
     0 | D:1      | groovy9 the Djinni Conjurer began the quest for the Orb.
     0 | D:1      | groovy9 set off with the following spells memorised: Magic
                  | Dart, Searing Ray, Fulminant Prism, Iskenderun's Mystic
                  | Blast.
     0 | D:1      | Reached XP level 1. HP: 15/15 MP: 0/0
   153 | D:1      | Reached XP level 2. HP: 21/22 MP: 0/0
   271 | D:1      | Reached skill level 1 in Fighting
   359 | D:1      | Reached XP level 3. HP: 21/27 MP: 0/0
   359 | D:1      | Learned a level 1 spell: Apportation
  1155 | D:2      | Noticed Terence
  1162 | D:2      | Killed Terence
  1163 | D:2      | Reached XP level 4. HP: 26/33 MP: 0/0
  1241 | D:2      | Identified the +10 quarterstaff of Subjectivity {speed,
                  | rPois}
  1710 | D:3      | Found a faded altar of an unknown god.
  1770 | D:3      | Reached XP level 5. HP: 38/38 MP: 0/0
  1770 | D:3      | Learned a level 2 spell: Jinxbite
  2052 | D:3      | Reached skill level 1 in Staves
  2536 | D:4      | Reached XP level 6. HP: 45/45 MP: 0/0
  2673 | D:4      | Found a staircase to the Ecumenical Temple.
  2681 | D:4      | Reached skill level 5 in Spellcasting
  2681 | D:4      | Reached skill level 5 in Conjurations
  2681 | D:4      | Reached skill level 5 in Hexes
  2681 | D:4      | Reached skill level 5 in Summonings
  2681 | D:4      | Reached skill level 5 in Necromancy
  2681 | D:4      | Reached skill level 5 in Translocations
  2681 | D:4      | Reached skill level 5 in Fire Magic
  2681 | D:4      | Reached skill level 5 in Ice Magic
  2681 | D:4      | Reached skill level 5 in Air Magic
  2681 | D:4      | Reached skill level 5 in Earth Magic
  2681 | D:4      | Reached skill level 5 in Alchemy
  2696 | Temple   | Entered the Ecumenical Temple
  2805 | Temple   | Became a worshipper of Makhleb the Destroyer
  2852 | D:4      | Noticed Menkaure
  2858 | D:4      | Killed Menkaure
  2859 | D:4      | Reached XP level 7. HP: 49/49 MP: 0/0
  2859 | D:4      | Learned a level 3 spell: Vampiric Draining
  2866 | D:4      | Found Dudonegao's Assorted Antiques.
  2946 | D:4      | Noticed a human
  2953 | D:4      | Killed a human
  3091 | D:5      | Entered Level 5 of the Dungeon
  3098 | D:5      | Slain by an ice beast

Illustrated notes

Levels and vault maps discovered:
D:1:      psy_arrival_whirlpool, layout_loops_ring
D:2:      layout_basic, uniq_terence
D:3:      kennysheep_six_static_rooms, layout_basic, basic_ecumenical_altar
D:4:      layout_rooms, tgw_kikubaaqudgha, minmay_temple_entry_stoned_glass,
          serial_shops, nicolae_shop_advertising_works
          [nicolae_subvault_shop_adworks], uniq_menkaure
D:5:      layout_loops_ring, chei_slow_surprise, grunt_ministairs_7
Temple:   nicolae_temple_superstar

Skill      XL: |  1  2  3  4  5  6 |
---------------+-------------------+-----
Fighting       | 1 2 |  2.8
Spellcasting   | 4 5 |  5.0
Conjurations   | 4 5 |  5.0
Hexes          | 4 5 |  5.0
Summonings     | 4 5 |  5.0
Necromancy     | 4 5 |  5.0
Translocations | 4 5 |  5.0
Fire Magic     | 4 5 |  5.0
Ice Magic      | 4 5 |  5.0
Air Magic      | 4 5 |  5.0
Earth Magic    | 4 5 |  5.0
Alchemy        | 4 5 |  5.0
Staves         | 1 3 |  3.2
Dodging        | |  2.1
Stealth        | |  1.5

Action                     |  1- 3 |  4- 6 |  7- 9 || total
---------------------------+-------+-------+-------++-------
  Melee: Quarterstaff      |       |    56 |    15 ||    71
   Cast: Magic Dart        |    54 |    21 |       ||    75
         Searing Ray       |    12 |     3 |       ||    15
    Use: Scroll            |       |    10 |       ||    10
         Potion            |       |       |     1 ||     1
   Stab: Sleeping          |       |     3 |       ||     3
 Armour: Robe              |     1 |    29 |    21 ||    51
  Dodge: Dodged            |     1 |    44 |    10 ||    55
